 Dungeon Crawl Stone Soup version 0.31-a0-185-g9dded2c639 (webtiles) character file.

Game seed: 17103513182594313853

160 qw the Skirmisher (level 5, 0/29 HPs)
             Began as a Deep Elf Hunter on June 22, 2023.
             Slain by a cerulean imp
             ... wielding a +2 spear
             ... summoned by Natasha
              (5 damage)
             ... on level 3 of the Dungeon.
             The game lasted 00:00:47 (1818 turns).

qw the Skirmisher (Deep Elf Hunter)                 Turns: 1818, Time: 00:00:48

Health: 0/29       AC:  5    Str: 10    XL:     5   Next: 17%
Magic:  7/7        EV: 12    Int: 14    God:
Gold:   86         SH:  0    Dex: 18    Spells: 4/4 levels left

rFire   . . .        Y - +0 shortbow
rCold   . . .        (shield currently unavailable)
rNeg    . . .        c - +0 leather armour
rPois   .            e - +0 helmet
rElec   .            (no cloak)
rCorr   .            d - +0 pair of gloves
SInv    .            (no boots)
Will    .....        (no amulet)
Stlth   ++           (no ring)
HPRegen 0.24/turn    (no ring)
MPRegen 0.10/turn

%: no passive effects
@: no status effects
A: no striking features
a: no special abilities


You were on level 3 of the Dungeon.
You visited 1 branch of the dungeon, and saw 3 of its levels.

You collected 86 gold pieces.


   Skills:
 - Level 1.5 Fighting
 + Level 8.6 Ranged Weapons
 - Level 2.4 Dodging
 - Level 1.2 Stealth


You had 4 spell levels left.
You didn't know any spells.
Your spell library was empty.

Inventory:

Hand Weapons
 Y - a +0 shortbow (weapon)
Armour
 c - a +0 leather armour (worn)
 d - a +0 pair of gloves (worn)
 e - a +0 helmet (worn)
Scrolls
 f - a scroll of identify
Potions
 a - a potion of enlightenment {unknown}
 h - a potion of curing {unknown}

Dungeon Overview and Level Annotations

Branches:
Dungeon (3/15)

Altars:
The Shining One

Shops:
D:1 (

Annotations:
D:3 Natasha


Message History

Natasha is almost dead.
Natasha drinks a potion.
Natasha is healed!
The cerulean imp hits you from afar with a +1 spear.
1811 ||| DRINKING potion of heal wounds.
You feel much better. The cerulean imp closely misses you. Natasha claws you.
The cerulean imp hits you from afar with a +1 spear.
You shoot an arrow. The arrow hits the cerulean imp.
The cerulean imp is lightly wounded.
The cerulean imp hits you but does no damage.
Natasha misses you. The cerulean imp closely misses you. x2
You shoot an arrow. The arrow misses the cerulean imp.
Natasha claws you!
The cerulean imp hits you from afar with a +1 spear.
The cerulean imp hits you with a +0 spear.
You shoot an arrow. The arrow hits the cerulean imp.
The cerulean imp is moderately wounded.
Natasha closely misses you. The cerulean imp barely misses you. x2
You shoot an arrow.
The arrow closely misses the cerulean imp.
Natasha casts a spell.
The cerulean imp hits you but does no damage.
The cerulean imp barely misses you.
You shoot an arrow. The arrow misses the cerulean imp.
Natasha stares at you and mumbles some strange words.
The magic dart hits you. The cerulean imp misses you.
The cerulean imp hits you but does no damage.
The cerulean imp misses you.
You shoot an arrow.
The arrow hits the cerulean imp but does no damage.
The cerulean imp is moderately wounded.
Natasha claws you but does no damage. The cerulean imp barely misses you.
The cerulean imp hits you with a +0 spear.
The cerulean imp barely misses you.
You shoot an arrow.
The arrow barely misses the cerulean imp.
Natasha barely misses you. The cerulean imp barely misses you.
The cerulean imp hits you with a +0 spear.
The cerulean imp hits you from afar with a +2 spear.
You die...

###....... .
........>..
#.#....#....
#.#........ #
#.........# #
#.....5..# #
###.......h##
........5.@5#
#.##....###.######
#.##.#..#..........
#.##.>....#.#######
#######..###..###.#
..........##..###.#
##..###......%....#
##..##...##########
....##.###


You could see Natasha and 3 cerulean imps.

Vanquished Creatures
  An orc priest (D:3)
  Natasha (D:3)
  3 gnolls (D:2)
  An adder (D:3)
  3 dart slugs
  4 orcs (D:3)
  7 ball pythons
  11 bats
  6 endoplasms
  A giant cockroach (D:1)
  4 goblins
  6 hobgoblins
  A quokka (D:1)
  3 frilled lizards
  A kobold (D:2)
  7 rats
60 creatures vanquished.

Notes
Turn   | Place    | Note
-------+----------+-------------------------------------------
     0 | D:1      | qw the Deep Elf Hunter began the quest for the Orb.
     0 | D:1      | Reached XP level 1. HP: 12/12 MP: 3/3
     0 | D:1      | 0 ||| qw: Version: 0.3-a-9-g12657ce
     0 | D:1      | 0 ||| qw: Game counter: 1759
     0 | D:1      | 0 ||| qw: Always use a shield: true
     0 | D:1      | 0 ||| qw: God list: Okawaru
     0 | D:1      | 0 ||| qw: Allow faded altars: false
     0 | D:1      | 0 ||| qw: Do Orc after D:15 true
     0 | D:1      | 0 ||| qw: Do second Lair branch before Depths: true
     0 | D:1      | 0 ||| qw: Lair rune preference: random
     0 | D:1      | 0 ||| qw: Plans: Normal
     0 | D:1      | 0 ||| PLANNING D:1-11
    52 | D:1      | Reached XP level 2. HP: 16/16 MP: 4/4
    55 | D:1      | Reached skill level 6 in Ranged Weapons
   247 | D:1      | Found Foaxzycu's Antique Weapon Emporium.
   257 | D:1      | Reached XP level 3. HP: 20/20 MP: 5/5
   273 | D:1      | 273 ||| SHOPLISTING polished orcbow (144 gold, have 21).
   558 | D:1      | 558 ||| UPGRADING to +0 pair of gloves.
   563 | D:1      | 563 ||| UPGRADING to +0 helmet.
   568 | D:1      | 568 ||| READING scroll labelled ITEAVIPP HOKESS.
   569 | D:1      | 569 ||| READING 2 scrolls labelled HOPPOR KYURAU.
   570 | D:1      | 570 ||| READING scroll labelled IXUEB QEOR.
   571 | D:1      | 571 ||| DROPPING scroll of butterflies.
   572 | D:1      | 572 ||| DROPPING scroll of blinking.
   670 | D:2      | Reached skill level 7 in Ranged Weapons
   680 | D:2      | 680 ||| FLEEEEING.
   681 | D:2      | 681 ||| FLEEEEING.
   682 | D:2      | 682 ||| FLEEEEING.
   683 | D:2      | 683 ||| FLEEEEING.
   684 | D:2      | 684 ||| FLEEEEING.
   685 | D:2      | 685 ||| FLEEEEING.
   687 | D:2      | HP: 5/20 [gnoll/+0 club (6)]
   689 | D:2      | Reached XP level 4. HP: 7/25 MP: 6/6
   868 | D:2      | Found a faded altar of an unknown god.
  1204 | D:2      | 1204 ||| DROPPING ring of wizardry.
  1205 | D:2      | 1205 ||| READING scroll labelled PIVUIV XEXOOM.
  1206 | D:2      | 1206 ||| READING scroll labelled USER VADIY.
  1207 | D:2      | 1207 ||| READING scroll labelled RAC OTTOLA.
  1369 | D:3      | 1369 ||| Stepping ~*~*~tactically~*~*~ (outnumbered).
  1371 | D:3      | 1371 ||| Stepping ~*~*~tactically~*~*~ (outnumbered).
  1379 | D:3      | Reached skill level 8 in Ranged Weapons
  1570 | D:3      | Noticed Natasha
  1574 | D:3      | Killed Natasha
  1575 | D:3      | Reached XP level 5. HP: 22/29 MP: 7/7
  1623 | D:3      | Found a glowing golden altar of the Shining One.
  1794 | D:3      | Noticed Natasha
  1810 | D:3      | HP: 5/29 [cerulean imp/+1 spear[Natasha] (4)]
  1811 | D:3      | 1811 ||| DRINKING potion of heal wounds.
  1818 | D:3      | HP: 5/29 [cerulean imp/+0 spear[Natasha] (3)]
  1818 | D:3      | Slain by a cerulean imp

Levels and vault maps discovered:
D:1:      dpeg_arrival_tiny_b, layout_rooms, serial_shops, nicolae_shop_crystal,
          serial_forest, infiniplex_forest_clump_large,
          infiniplex_forest_lined_4_way, infiniplex_forest_end_2,
          infiniplex_forest_lined_corner, infiniplex_forest_end_1
D:2:      layout_basic, ebering_ecumenical_altar_hall
D:3:      layout_loops_cross, mainiacjoe_overflow_alcove_2,
          nicolae_tso_swordbearing_angel, uniq_grinder, uniq_natasha

Skill      XL: |  1  2  3  4 |
---------------+-------------+-----
Ranged Weapons | 6 7 8 |  8.6
Fighting       | |  1.5
Dodging        | |  2.4
Stealth        | |  1.2

Action                     |  1- 3 |  4- 6 || total
---------------------------+-------+-------++-------
   Fire: Shortbow          |    87 |    97 ||   184
    Use: Scroll            |     3 |     3 ||     6
         Potion            |       |     1 ||     1
 Armour: Leather armour    |     4 |    17 ||    21
  Dodge: Dodged            |    13 |    41 ||    54

Table legend:
 A = Non-vault XP
 B = Vault XP
 C = Vault XP percentage of total XP
 D = Non-vault monster count
 E = Vault monster count
 F = Vault count percentage of total count
                 A         B        C        D         E       F
            +---------+---------+-------+---------+---------+-------
      Total |     194 |      35 |  15.3 |      59 |       1 |   1.7
            +---------+---------+-------+---------+---------+-------
        D:1 |      49 |       0 |   0.0 |      27 |       0 |   0.0
        D:2 |      67 |       0 |   0.0 |      18 |       0 |   0.0
        D:3 |      78 |      35 |  31.0 |      14 |       1 |   6.7
            +---------+---------+-------+---------+---------+-------
